Workbook
Name ddd: #REF!
Name FLOORFINISHES: #REF!
Name markup: #REF!
Name wastage: #REF!

Sheet Cover Page
A5: BILL OF QUANTITIES
A16: CONSTRUCTION OF TEMPORARY STORAGES AT M.NAALAAFUSHI
D17: BOQ No: BOQ/167 (Rev 01)
A32: CLIENT : MWSC

Sheet Summary
A2: SUMMARY OF BILLS OF QUANTITIES
B3: CONSTRUCTION OF TEMPORARY STORAGE AT M.NAALAAFUSHI
B4: CE Reference Number: | C4: -
B5: BOQ Reference Number: | C5: BOQ/167 Rev01
B6: JA Reference Number: | C6: -
B7: DESCRIPTION | C7: AMOUNT (MVR) | D7: %
B8: =BOQ!B4 -> BILL NO. 01 - CONSTRUCTION OF TEMPORARY SITE | C8: =BOQ!F53 -> 0 | D8: =C8/$C$13 -> #DIV/0!
B9: =BOQ!A54 -> BILL NO. 02 - CABLE LAYING WORKS FOR TEMPORARY STORAGE SITE | C9: =BOQ!F80 -> 0 | D9: =C9/$C$13 -> #DIV/0!
B10: =BOQ!A81 -> BILL NO. 03 - CONSTRUCTION OF LIGHT POST FOR TEMPORARY SITE | C10: =BOQ!F98 -> 0 | D10: =C10/$C$13 -> #DIV/0!
B11: =BOQ!A99 -> BILL NO. 04 - ADDITION & OMMISSION | C11: =BOQ!F110 -> 0 | D11: =C11/$C$13 -> #DIV/0!
B13: TOTAL AMOUNT | C13: =SUM(C8:C12) -> 0
B15: TOTAL DURATION: | D15: Days

Sheet BOQ
A1: ='Cover Page'!A16:I16 -> CONSTRUCTION OF TEMPORARY STORAGES AT M.NAALAAFUSHI
A2: Male', Republic of Maldives
A3: SL.No | B3: Description | C3: Unit | D3: Qty | E3: Rate (MVR) | F3: Total Amount (MVR)
B4: BILL NO. 01 - CONSTRUCTION OF TEMPORARY SITE
A5: 1.1 | B5: Discrepancies
B6: All participants in the Tender exercise are deemed to have read the Specifications and BOQ carefully in conjunction with all the Contract Drawings. Any discrepancies between these documents are to be brought to the attention of the Employer and clarified prior to the closing of the Tender. Should any said discrepancies be discovered at a later date, the decision of the Employer is final and any extra cost due to the contractor as a result of such discrepancies will NOT be entertained whatsoever. The Contractor shall, at all times, exercise with care and professional scrutiny to ensure that there are no discrepancies and/or divergence between Contract Drawings and specifications prior to execution of any portion of the Works on site. The Contractor shall immediately give the Employer a written notice specifying any such discrepancies or divergence should he discovered such issues and the Employer shall issue instructions in regard thereto. The Contractor should exercise due diligence in this matter as a failure and/or negligence in complying with the above stated requirements may result in extra costs. Any extra costs incurred in respect therefore shall be borne solely by the Contractor.
A7: 1.2 | B7: GENERAL
A8: a | B8: The Bill of Quantities shall be read in conjunction with the Instruction to Bidders, General Conditions of Contract, Appendix to bid, Technical Specification and Tender Drawings.
A9: b | B9: The rates and prices tendered in the priced Bill of Quantities shall, except in so far as it is otherwise provided under the Contract, include all constructional plant, labour, supervision, materials, transportation, installation/erection, profit, together with all general risks, liabilities and obligations set out or implied in the Contract.
A10: c | B10: The rates and prices shall be quoted entirely in Maldivian Rufiyaa.
A11: d | B11: A rate or price shall be entered against each item in the Bill of Quantities, whether quantities are stated or not. The cost of items against which the Contractor has failed to enter a rate or price shall be deemed to be covered by other rates and prices entered in the Bill of Quantities and no separate payment shall be made for such un-priced items.
A12: e | B12: The whole cost of complying with the provisions of the Contract shall be included in the items provided in the priced Bill of Quantities, and where no items are provided but required for completion of contract works, the cost shall be deemed to be distributed among the rates and prices entered for the related item of work. Only properly executed variation orders shall be recognized for additional payment for items not entered in the Bill of Quantities.
A13: f | B13: General directions and descriptions of work and materials are not necessarily repeated or summarized in the Bill of Quantities. The Bidder shall refer to relevant sections of the Contract Document to fully understand the item requirements before entering rates or prices against each item in the Bill of Quantities.
A14: g | B14: All quantities have been rounded to the nearest whole number. Quantities less than one unit has been given as one unit. Measurement standard applied for calculation of quantities are according to NRM-2, RICS.
A15: h | B15: All the materials and equipment required for the works shall be arranged by the contractor. The materials shall be approved by MWSC before implementation.
A16: i | B16: Rates shall include for all painting and finishing as specified. Rate shall include for painting and finishing of exposed surfaces of all steel members. Rate shall also include for application of redoxide at welding joints & one coat of primer paint specific for metal applications. Rate shall also include for application of bitumastic paint on steel members embeded in concrete.
A17: j | B17: Rates shall include for fabrication and erection and temporary supports and fixing in to position.
A19: Abbreviations
A20: m - | B20: metre
A21: nr - | B21: numbers
A22: m3 - | B22: cubic metres
A23: m2 - | B23: square metres
A24: lm - | B24: linear metre
A25: t - | B25: tons
A26: inc. - | B26: including
A27: mm - | B27: millimetre
A28: SS - | B28: stainless steel
A29: GI - | B29: galvanized iron
A30: Kg - | B30: kilogram
A32: 1.3 | B32: CONSTRUCTION OF TEMPORARY SITE
A34: 1.3.1 | B34: Site Clearance
A35: a. | B35: Site clearing including filling, levelling and compaction. Rate shall include for relocation, replantation & disposal of site clearance debrises as per ERA requirements. Rate shall also include for cleaning upon completion. | C35: m² | D35: 1200
A37: 1.3.2 | B37: Security Post
A38: a. | B38: Construction of security guard post 1.8m x 1.8m as per drawing and specification. Rates shall include all materials required to complete the works and electrical work. Rate shall include for supply & installation of ceiling fan & light with switches, wiring and electrical board (complete setup) as per specification and instruction given by the Engineer | C38: item | D38: 1 | F38: =E38*D38 -> 0
A40: 1.3.3 | B40: Material Store
A41: a. | B41: Construction of Material Store post 6m x 12m as per drawing and specification. Rates shall include all materials required to complete the works and electrical works. Rate shall include for supply & installation of lights with switches, wiring and electrical board (complete setup) as per specification and instruction given by the Engineer | C41: item | D41: 1 | F41: =E41*D41 -> 0
A43: 1.3.4 | B43: Pipe Rack
A44: a. | B44: Construction of Pipe Rack and sun shade net over the pipe rack as per drawing and specification. Rates shall include all materials required to complete the works. | C44: item | D44: 2 | F44: =E44*D44 -> 0
A46: 1.3.5 | B46: Sun Shade Net cover area
A47: a. | B47: Construction of Sun shade net over the area of 24m x 12m as per drawing and specification. Rates shall include all materials required to complete the works. | C47: item | D47: 1 | F47: =E47*D47 -> 0
A49: 1.3.6 | B49: Boundary Fence and Gate
A50: a. | B50: Construction of Boundary fence as per drawing and specification. Rates shall include all materials required to complete the works | C50: LM | D50: 140 | F50: =E50*D50 -> 0
A51: b. | B51: Construction of gate as per drawing and specification. Rates shall include all materials required to complete the works | C51: item | D51: 1 | F51: =E51*D51 -> 0
A53: END OF BILL NO 01: CARRIED OVER TO SUMMARY | F53: =SUM(F7:F52) -> 0
A54: BILL NO. 02 - CABLE LAYING WORKS FOR TEMPORARY STORAGE SITE
A55: 1.1 | B55: GENERAL
A56: a. | B56: Rates shall include for: screws, nails, bolts, nuts, standard cable fixing or supporting clips, brackets, straps, rivets, plugs and all incidental accessories
A57: b. | B57: Rates for work in trench shall include for: excavation, maintaining faces of excavations, backfilling, compaction, appropriate cable covers, warning tape and disposal of surplus spoil
A58: c. | B58: Cable laying item rate shall include for installation of warning tapes etc..
A59: d. | B59: The contractor is responsible for any damages to the cables and equipment such as panel boards, other utility service lines, surrounding structures, etc. during the pipe laying. The contractor shall indemnify the respective party against all losses or claims.
A60: e. | B60: Contractor shall arrange water & electricity for the project at his own expenses.
A61: f. | B61: Rate shall include mobilization, site management, materials, labor, water, electricity, site clearance, leveling, cleaning, disposal, demobilization, vehicles, vessels, permits, equipment, and tools including all necessary transport and storage required for proper execution and completion of works.
A62: g. | B62: The contractor shall take delivery and complete installation
A63: h. | B63: For Meter installation, the Rate shall include the following items but not be limited to;
B64: - Electric Cables 2C x 6Sqmm
B65: - Electrical Smart House Meter 60A-5 (FENAKA Approved)
B66: - MCB 32A (2 Pole)
B67: - ELCB40A (2 Pole)
B68: - CB Box (2Pole)
B69: - Socket Switch 13A (Box Included)
B70: - Socket Switch 15A (Box Included)
B71: - Earth Rod
B72: - Earth Clamp
B73: - Earth Wire 6sqmm
B74: - Junction 8"x8"
B75: - Warning Tapes
A77: 1.2 | B77: Cable Laying works including meter installation & electricity connection (Single Phase)
A78: 1.2.1 | B78: Excavation, Laying, and Backfilling of Power Cable, size: 2C x 6sqmm | C78: m | D78: 160 | F78: =E78*D78 -> 0
A79: 1.2.2 | B79: Supply and Installation of Electrical Smart Meter, Earth Rod, including connection from Meter to DB and all other ancillaries as per the Island Service provider requirement | C79: item | D79: 1 | F79: =E79*D79 -> 0
A80: END OF BILL NO 02: CARRIED OVER TO SUMMARY | F80: =SUM(F76:F79) -> 0
A81: BILL NO. 03 - CONSTRUCTION OF LIGHT POST FOR TEMPORARY SITE
A82: 1.1 | B82: GENERAL
A83: a. | B83: Rates shall include for: screws, nails, bolts, nuts, standard cable fixing or supporting clips, brackets, straps, rivets, plugs and all incidental accessories
A84: b. | B84: Rates for work in trench shall include for: excavation, maintaining faces of excavations, backfilling, compaction, appropriate cable covers, warning tape and disposal of surplus spoil
A85: c. | B85: Cable laying item rate shall include for installation of warning tapes etc..
A86: d. | B86: The contractor is responsible for any damages to the cables and equipment such as panel boards, other utility service lines, surrounding structures, etc. during the pipe laying. The contractor shall indemnify the respective party against all losses or claims.
A87: e. | B87: Contractor shall arrange water & electricity for the project at his own expenses.
A88: f. | B88: Rate shall include mobilization, site management, materials, labor, water, electricity, site clearance, leveling, cleaning, disposal, demobilization, vehicles, vessels, permits, equipment, and tools including all necessary transport and storage required for proper execution and completion of works.
A89: g. | B89: The contractor shall take delivery and complete installation. Rates shall include for supply and complete installation , fittings and fixtures.
A90: h. | B90: Lighting fixture and electrical wires and other electrical equipment such as fans and such shall comply with STELCO/FENAKA/MEA standard and all fixtures and fitting shall be subjected to written approval by the client
A92: 1.2 | B92: Construction of light post
A93: 1.2.1 | B93: 500W LED Flood Light IP65 @ 5m Light Post including footing and light post as per drawing | C93: nos | D93: 4 | F93: =E93*D93 -> 0
A94: 1.2.2 | B94: Light Switch - 2 Gang | C94: nos | D94: 2 | F94: =E94*D94 -> 0
A95: 1.2.3 | B95: 2.5mm2 Wiring to Light Points | C95: nos | D95: 4 | F95: =E95*D95 -> 0
A98: END OF BILL NO 03: CARRIED OVER TO SUMMARY | F98: =SUM(F93:F95) -> 0
A99: BILL NO. 04 - ADDITION & OMMISSION
A100: 4.1 | B100: ADDITION
A101: 4.1.1 | B101: =$B$4 -> BILL NO. 01 - CONSTRUCTION OF TEMPORARY SITE | C101: Item | F101: =+D101*E101 -> 0
A102: 4.1.2 | B102: =A54 -> BILL NO. 02 - CABLE LAYING WORKS FOR TEMPORARY STORAGE SITE
A103: 4.1.3 | B103: =A81 -> BILL NO. 03 - CONSTRUCTION OF LIGHT POST FOR TEMPORARY SITE
A105: 4.2 | B105: OMMISSION
A106: 4.2.1 | B106: =$B$4 -> BILL NO. 01 - CONSTRUCTION OF TEMPORARY SITE | C106: Item | F106: =+D106*E106 -> 0
A107: 4.2.2 | B107: =B102 -> BILL NO. 02 - CABLE LAYING WORKS FOR TEMPORARY STORAGE SITE
A108: 4.2.3 | B108: =A81 -> BILL NO. 03 - CONSTRUCTION OF LIGHT POST FOR TEMPORARY SITE
A110: END OF BILL NO 04: CARRIED OVER TO SUMMARY | F110: =SUM(F100:F109) -> 0
C112: Duration: | F112: Days
